 Dungeon Crawl Stone Soup version 0.29-a0-397-g846e4a0bbc (webtiles) character file.

Game seed: 16000621511121121712

1204 Bruhh the Martial Artist (level 8, -18/54 HPs)
             Began as a Merfolk Transmuter on May 11, 2022.
             Killed from afar by a steam dragon (21 damage)
             ... with a ball of steam
             ... on level 5 of the Dungeon.
             The game lasted 00:10:31 (7755 turns).

Bruhh the Martial Artist (Merfolk Transmuter)       Turns: 7755, Time: 00:10:32

Health: -18/54     AC:  2    Str:  8 (11) XL:     8   Next: 45%
Magic:  13/21      EV: 24    Int: 11 (14) God:
Gold:   208        SH:  0    Dex: 17 (19) Spells: 7/13 levels left

rFire   . . .      SeeInvis .     - Unarmed
rCold   . . .      Faith    .   (shield currently unavailable)
rNeg    . . .      Spirit   .   (body armour currently unavailable)
rPois   x          Reflect  .   (helmet currently unavailable)
rElec   .          Harm     .   (cloak currently unavailable)
rCorr   .          Rampage  .   (gloves currently unavailable)
Will    .....                   (boots currently unavailable)
Stlth   ++........              (no amulet)
HPRegen 0.18/turn               g - ring of magical power
MPRegen 0.17/turn               f - +4 ring of evasion

@: spider-form, very slightly contaminated, studying Bows
A: venomous fangs, tiny, (nimble swimmer 2), (mertail)
a: End Transformation


You were on level 5 of the Dungeon.
You were a venomous arachnid creature.
You visited 1 branch of the dungeon, and saw 7 of its levels.

You collected 208 gold pieces.

Inventory:

Missiles
 w - 5 poisoned darts
Armour
 a - a +0 robe (melded)
Jewellery
 f - a +4 ring of evasion (right front leg)
 g - a ring of magical power (left front leg)
Wands
 o - a wand of flame (15)
 p - a wand of digging (4)
 v - a wand of paralysis (7)
 x - a wand of polymorph (5)
Scrolls
 b - a scroll of blinking {unknown}
 d - 5 scrolls of identify {unknown}
 e - 3 scrolls of noise {unknown}
 h - 2 scrolls of fear {unknown}
 k - a scroll of summoning {unknown}
 m - 2 scrolls of magic mapping {unknown}
 n - 3 scrolls of teleportation {unknown}
 r - a scroll of fog {unknown}
Potions
 c - a potion of degeneration
 i - 2 potions of attraction
 j - a potion of cancellation
 l - a potion of haste
 q - 3 potions of curing {unknown}
 s - a potion of resistance
 t - a potion of berserk rage {unknown}
 u - a potion of flight {unknown}


   Skills:
 - Level 1.1 Fighting
 - Level 2.6 Dodging
 - Level 10.0 Unarmed Combat
 + Level 3.1 Spellcasting
 * Level 5.8 Transmutations


You had 7 spell levels left.
You knew the following spells:

 Your Spells              Type           Power      Damage    Failure   Level
a - Beastly Appendage     Tmut           28%        N/A       9%          1
b - Spider Form           Tmut/Pois      8%         N/A       45%         3
c - Wereblood             Tmut           14%        N/A       12%         2

Your spell library contained the following spells:

 Spells                   Type           Power      Damage    Failure   Level
 Ignite Poison            Fire/Tmut/Pois 6%         N/A       56%         3
 Conjure Flame            Conj/Fire      1%         6-21      80%         3
 Frozen Ramparts          Ice            2%         1d2       80%         3
 Ice Form                 Ice/Tmut       8%         N/A       80%         4
 Sticky Flame             Conj/Fire      1%         2d3       99%         4
 Summon Ice Beast         Ice/Summ       1%         N/A       99%         4


Dungeon Overview and Level Annotations

Branches:
Dungeon (7/15)
 Temple: D:4-7

Altars:
Ru
Uskayaw
Wu Jian

Shops:
D:3 !:[


Innate Abilities, Weirdness & Mutations

You are a venomous arachnid creature.
You have poisonous fangs.
You are tiny and dextrous.
Your spellcasting is less reliable in this form.
Your armour is entirely melded.
You are incapable of wielding weapons or throwing items.
((You are very nimble when in or above water. (Stealth+, EV+, Speed+++)))
((Your lower body shifts to a powerful aquatic tail in water.))


Message History

Casting: Spider Form (dangerous; 19% risk of failure)
Confirm with . or Enter, or press ? or * to list all spells.
You miscast Spider Form.
Nothing appears to happen.
The steam dragon bites you. The steam dragon claws you.
Casting: Spider Form (dangerous; 19% risk of failure)
Confirm with . or Enter, or press ? or * to list all spells.
Your horns disappear.
You turn into a venomous arachnid creature.
Your +0 robe melds into your body.
The steam dragon breathes steam at you. The ball of steam hits you!!
You hear an angry hiss.
You hear a shout!
The steam dragon breathes steam at you. The ball of steam misses you.
You are engulfed in a cloud of scalding steam.
The steam dragon barely misses you.
The steam dragon claws you but does no damage.
You are engulfed in a cloud of scalding steam.
* * * LOW HITPOINT WARNING * * *
The steam dragon misses you. The steam dragon completely misses you.
You barely miss the steam dragon.
You are engulfed in a cloud of scalding steam.
* * * LOW HITPOINT WARNING * * *
The steam dragon completely misses you. The steam dragon barely misses you.
You hit the steam dragon.
The steam dragon is poisoned.
The steam dragon is lightly wounded.
The steam dragon bites you!
* * * LOW HITPOINT WARNING * * *
The steam dragon barely misses you.
You hit the steam dragon.
The steam dragon looks even sicker.
The steam dragon is moderately wounded.
The steam dragon misses you. x2
It was a potion of degeneration.
There was something very wrong with that liquid.
You feel weakened.
You feel dopey.
You feel clumsy. The steam dragon breathes steam at you.
The ball of steam misses you. The steam dragon breathes steam at you.
The ball of steam hits you!!
You die...

.... .. ##. ... .......
....##... .....## .......
......# .....# .......
##....# #.. #. ......##
##..##### ##.....##.....
#†. ##sD..........# #..
.. ##§§§........#.###..
...#.§§§..............#
##.§§...<...........#..
##...§.#...............#
##....§####†.......#.#...
....>.# ##.##########..#
#......###..# ##>## #....
###........# 8...8##.##.


You could see a steam dragon (very poisoned, catching breath).

Vanquished Creatures
  Grinder (D:3)
  Eustachio (D:5)
  A black bear (D:3)
  A sky beast (D:3)
  An ice beast (D:7)
  3 scorpions
  2 orc priests
  Terence (D:2)
  Ijyb (D:3)
  Natasha (thrice) (D:2)
  An iguana (D:5)
  An orc wizard (D:4)
  7 adders
  A shadow imp (D:7)
  6 worms
  10 orcs
  6 endoplasms
  A giant cockroach (D:3)
  6 hobgoblins
  8 jackals (D:3)
  10 kobolds
  4 quokkas
  5 ball pythons
  7 bats
  3 frilled lizards (D:1)
  2 goblins
  2 rats (D:3)
95 creatures vanquished.

Notes
Turn   | Place    | Note
-------+----------+-------------------------------------------
     0 | D:1      | Bruhh the Merfolk Transmuter began the quest for the Orb.
     0 | D:1      | Reached XP level 1. HP: 15/15 MP: 3/3
   585 | D:1      | Reached XP level 2. HP: 17/21 MP: 5/5
   695 | D:1      | Reached skill level 4 in Unarmed Combat
  1707 | D:2      | Noticed Natasha
  1707 | D:2      | Found a faded altar of an unknown god.
  2168 | D:2      | Killed Natasha
  2169 | D:2      | Reached XP level 3. HP: 3/26 MP: 6/6
  2665 | D:2      | Reached skill level 5 in Unarmed Combat
  2972 | D:2      | Reached XP level 4. HP: 32/32 MP: 7/7
  3001 | D:2      | Noticed Natasha
  3012 | D:2      | Killed Natasha
  3239 | D:2      | Learned a level 3 spell: Spider Form
  3250 | D:2      | Noticed Terence
  3262 | D:2      | Killed Terence
  3263 | D:2      | Reached skill level 6 in Unarmed Combat
  3316 | D:2      | Reached XP level 5. HP: 37/37 MP: 8/8
  3732 | D:2      | Noticed Natasha
  3739 | D:2      | Killed Natasha
  3803 | D:3      | Noticed a sky beast
  3815 | D:3      | Killed a sky beast
  3816 | D:3      | Reached skill level 7 in Unarmed Combat
  3816 | D:3      | Reached XP level 6. HP: 37/43 MP: 9/9
  4036 | D:3      | Learned a level 2 spell: Wereblood
  4205 | D:3      | Noticed Grinder
  4222 | D:3      | Paralysed by Grinder for 2 turns
  4225 | D:3      | Killed Grinder
  4226 | D:3      | Reached skill level 8 in Unarmed Combat
  4226 | D:3      | Reached XP level 7. HP: 8/48 MP: 10/10
  4970 | D:3      | Noticed Ijyb
  4988 | D:3      | Killed Ijyb
  5044 | D:3      | Found Areadev's Armour Shop.
  5069 | D:3      | Found Sisom's Distillery.
  5158 | D:3      | Found Qamookke's Book Boutique.
  5362 | D:3      | Found an ornate altar of the Wu Jian Council.
  5483 | D:3      | Reached skill level 9 in Unarmed Combat
  6903 | D:4      | Found a hide-covered altar of Uskayaw.
  6912 | D:4      | Reached skill level 10 in Unarmed Combat
  7051 | D:5      | Entered Level 5 of the Dungeon
  7155 | D:5      | Found a sacrificial altar of Ru.
  7157 | D:5      | You fall into a shaft and drop 2 floors!
  7163 | D:7      | Reached XP level 8. HP: 54/54 MP: 11/11
  7325 | D:5      | Noticed Eustachio
  7564 | D:5      | Killed Eustachio
  7565 | D:5      | Reached skill level 5 in Transmutations
  7752 | D:5      | HP: 2/54 [steam dragon (10)]
  7755 | D:5      | Killed from afar by a steam dragon

Illustrated notes

Levels and vault maps discovered:
D:1:      minmay_arrival_wavy_path, layout_basic
D:2:      layout_loops_cross, chequers_ecumenical_altar_island, uniq_terence,
          uniq_natasha
D:3:      layout_rooms, nicolae_wu_jian_glorious_leap, serial_shops,
          nicolae_shop_hallway_plus, shop, nicolae_shop_statue_plus,
          kennysheep_generic_room_6, uniq_ijyb, uniq_grinder
D:4:      layout_rooms, nicolae_uskayaw_dance_hall, minmay_manual_macuahuitl
D:5:      layout_cave_pools, nicolae_overflow_hidden_temple, uniq_eustachio
D:6:      wad_guarded_room, layout_basic, grunt_dithmenos_smoke,
          mainiacjoe_overflow_alcove_3, minmay_temple_entry_steel_oval,
          serial_shops, shop, minmay_lizard_king
D:7:      layout_rooms, nicolae_qazlal_eye_of_the_storm

Skill      XL: |  1  2  3  4  5  6  7  8 |
---------------+-------------------------+-----
Unarmed Combat | 4 5 6 7 8 10 | 10.0
Transmutations | 3 5 |  5.8
Spellcasting   | 3 |  3.1
Fighting       | |  1.1
Dodging        | |  2.6

Action                   |  1- 3 |  4- 6 |  7- 9 || total
-------------------------+-------+-------+-------++-------
Melee: Unarmed           |    93 |    99 |   154 ||   346
       Headbutt          |     3 |    13 |    21 ||    37
       Punch             |     1 |     2 |     9 ||    12
       Tailslap          |     2 |       |       ||     2
 Cast: Beastly Appendage |    11 |    12 |    20 ||    43
       Spider Form       |       |     4 |    11 ||    15
       Wereblood         |       |       |     1 ||     1
  Use: Potion            |       |     3 |     4 ||     7
 Stab: Distracted        |       |       |     1 ||     1
       Sleeping          |       |       |     1 ||     1
Armor: Robe              |     4 |    10 |     5 ||    19
       Skin              |       |     7 |    16 ||    23
Dodge: Dodged            |    52 |    89 |   187 ||   328

Table legend: (Time is in decaauts)
 A = Elapsed time spent in this place.
 B = Non-inter-level travel time spent in this place.
 C = Inter-level travel time spent in this place.
 D = Time resting spent in this place.
 E = Time spent auto-exploring this place.
 F = Levels seen in this place.
 G = Mean time per level.
                   A        B        C        D        E       F      G
               +--------+--------+--------+--------+--------+-----+--------+
         Total |   7681 |   7558 |    123 |   2260 |   4286 |   7 | 1097.3 |
       Dungeon |   7681 |   7558 |    123 |   2260 |   4286 |   7 | 1097.3 |
               +--------+--------+--------+--------+--------+-----+--------+

Top non-repeatable levels by time:
     D:1: 2634 daAuts
     D:3: 1692 daAuts
     D:2: 1657 daAuts
     D:4: 1281 daAuts
     D:5: 307 daAuts
     D:7: 100 daAuts
     D:6: 8 daAuts
